[ AOE2 MATCH · #476861797 ]
Team RMVikings vs Malians
[ REPLAY ANALYSIS · EXTRACTED FROM THE RECORDED GAME ]
Feudal
8:57
Castle
23:06
Imperial
33:52
| APM avg | 44.8 |
| APM peak | 83 |
| eAPM avg | 20.5 |
| Villagers / military | 99 / 460 |
Focus
⚔️ 54.8% · 🌾 45.2%
Skirmisher ×251 · Archer ×105 · Spearman ×96 · Trade Cart ×21 · Trebuchet (Packed) ×8
Feudal
9:11
Castle
23:09
Imperial
40:44
| APM avg | 36.2 |
| APM peak | 91 |
| eAPM avg | 22.4 |
| Villagers / military | 208 / 305 |
Focus
⚔️ 30.1% · 🌾 69.9%
Knight ×123 · Scout Cavalry ×96 · Spearman ×56 · Skirmisher ×19 · Hand Cannoneer ×4 · Monk ×3
Feudal
9:40
Castle
15:47
Imperial
31:29
| APM avg | 23.3 |
| APM peak | 46 |
| eAPM avg | 12.0 |
| Villagers / military | 151 / 482 |
Focus
⚔️ 33.6% · 🌾 66.4%
Scout Cavalry ×390 · Camel Scout ×63 · Shrivamsha Rider ×13 · Trade Cart ×10 · Mangonel ×7 · Monk ×5
Feudal
8:49
Castle
22:17
Imperial
36:14
| APM avg | 19.3 |
| APM peak | 53 |
| eAPM avg | 11.9 |
| Villagers / military | 122 / 233 |
Focus
⚔️ 39.5% · 🌾 60.5%
Archer ×224 · Trade Cart ×45 · Trebuchet (Packed) ×4 · Mangonel ×3 · Spearman ×2
Feudal
10:21
Castle
14:06
Imperial
36:59
| APM avg | 46.5 |
| APM peak | 77 |
| eAPM avg | 20.5 |
| Villagers / military | 150 / 263 |
Focus
⚔️ 42.9% · 🌾 57.1%
Cavalry Archer ×125 · Magyar Huszar ×121 · Battering Ram ×12 · Trade Cart ×10 · Monk ×3 · Trebuchet (Packed) ×2
Feudal
9:49
Castle
23:31
Imperial
44:04
| APM avg | 31.2 |
| APM peak | 64 |
| eAPM avg | 22.5 |
| Villagers / military | 184 / 681 |
Focus
⚔️ 38.1% · 🌾 61.9%
Spearman ×314 · Scout Cavalry ×239 · Archer ×69 · Knight ×57 · Trade Cart ×24 · Monk ×2
Feudal
9:01
Castle
28:43
Imperial
46:38
| APM avg | 36.7 |
| APM peak | 90 |
| eAPM avg | 25.7 |
| Villagers / military | 278 / 393 |
Focus
⚔️ 30.8% · 🌾 69.2%
Spearman ×235 · Skirmisher ×144 · Archer ×7 · Trade Cart ×5 · Battering Ram ×4 · Longbowman ×3
Feudal
9:05
Castle
20:10
Imperial
36:29
| APM avg | 37.2 |
| APM peak | 94 |
| eAPM avg | 19.3 |
| Villagers / military | 103 / 341 |
Focus
⚔️ 32.6% · 🌾 67.4%
Skirmisher ×186 · Archer ×141 · Bombard Cannon ×12 · Spearman ×2
Match map
Initial resources + every placement click. Lines = walls · curves = elevation contours. ◆ gold · ⬟ stone · ● berries · ✦ relic · ◌ wall gap
Your base· Open — 4t gap
Scol1ng's base· Open — 3t gap
nw's base· Open — unwalled flank
SvenVonE ツ's base· Open — unwalled flank
Game Sun's base· Open — unwalled flank
Ze_Legend's base· Open — 3t gap
明太宗Judy's base· Open — unwalled flank
IchbinGroo7's base· Open — unwalled flank
Smoothed initial terrain · ◌ = detected wall gap · hover for details
Inputs per minute
— Great Serbia - - Scol1ng
Build order — Great Serbia
First 150 of 748 actions detected
| 0:05 | Build | House |
| 0:16 | Create | Villager (Male) |
| 0:16 | Create | Villager (Male) |
| 0:16 | Create | Villager (Male) |
| 0:33 | Create | Villager (Male) |
| 0:42 | Build | House |
| 1:01 | Build | Lumber Camp |
| 1:31 | Create | Villager (Male) |
| 1:48 | Build | House |
| 2:15 | Create | Villager (Male) |
| 2:34 | Create | Villager (Male) |
| 3:16 | Create | Villager (Male) |
| 3:45 | Create | Villager (Male) |
| 3:45 | Create | Villager (Male) |
| 3:46 | Create | Villager (Male) |
| 3:54 | Create | Villager (Male) |
| 4:36 | Create | Villager (Male) |
| 4:36 | Create | Villager (Male) |
| 4:55 | Build | House |
| 5:12 | Create | Villager (Male) |
| 5:48 | Build | Mining Camp |
| 6:09 | Create | Villager (Male) |
| 6:20 | Research | Loom |
| 6:42 | Research | Feudal Age |
| 6:55 | Build | Lumber Camp |
| 7:11 | Build | Barracks |
| 7:17 | Create | Villager (Male) |
| 8:57 | Age | Feudal Age |
| 8:59 | Build | Archery Range |
| 9:05 | Build | House |
| 9:09 | Create | Spearman |
| 9:14 | Research | Double-Bit Axe |
| 9:25 | Create | Villager (Male) |
| 9:25 | Create | Villager (Male) |
| 9:38 | Build | House |
| 9:40 | Create | Archer |
| 10:25 | Create | Villager (Male) |
| 10:35 | Build | Archery Range |
| 10:39 | Create | Archer |
| 10:48 | Build | House |
| 10:56 | Create | Archer |
| 11:02 | Create | Villager (Male) |
| 11:02 | Create | Villager (Male) |
| 11:02 | Create | Villager (Male) |
| 11:17 | Create | Archer |
| 11:17 | Create | Archer |
| 11:28 | Build | Blacksmith |
| 11:40 | Create | Archer |
| 11:40 | Create | Archer |
| 11:55 | Build | Mill |
| 12:01 | Create | Archer |
| 12:02 | Create | Archer |
| 12:10 | Create | Villager (Male) |
| 12:45 | Research | Fletching |
| 12:53 | Create | Archer |
| 12:53 | Create | Archer |
| 13:09 | Create | Archer |
| 13:10 | Create | Archer |
| 13:15 | Create | Villager (Male) |
| 13:43 | Create | Archer |
| 13:44 | Create | Archer |
| 13:50 | Build | House |
| 13:54 | Research | Horse Collar |
| 14:07 | Create | Villager (Male) |
| 14:11 | Build | Farm |
| 14:14 | Build | Farm |
| 14:17 | Build | Farm |
| 14:21 | Build | House |
| 14:25 | Create | Villager (Male) |
| 14:42 | Create | Villager (Male) |
| 14:49 | Build | Farm |
| 14:50 | Build | Farm |
| 14:52 | Build | Farm |
| 15:04 | Create | Archer |
| 15:04 | Create | Archer |
| 15:07 | Build | Farm |
| 15:07 | Build | Farm |
| 15:08 | Build | Farm |
| 15:08 | Build | Farm |
| 15:22 | Create | Archer |
| 15:22 | Create | Archer |
| 15:31 | Build | Farm |
| 15:42 | Create | Villager (Male) |
| 15:42 | Create | Villager (Male) |
| 16:03 | Build | House |
| 16:09 | Create | Archer |
| 16:10 | Create | Archer |
| 16:30 | Build | House |
| 16:34 | Build | Farm |
| 16:43 | Create | Villager (Male) |
| 16:46 | Build | Farm |
| 16:49 | Build | Farm |
| 17:10 | Create | Villager (Male) |
| 17:16 | Create | Archer |
| 17:17 | Create | Villager (Male) |
| 17:20 | Build | Farm |
| 17:35 | Create | Villager (Male) |
| 17:38 | Build | Farm |
| 17:42 | Build | Farm |
| 18:19 | Create | Archer |
| 18:19 | Create | Archer |
| 18:20 | Create | Archer |
| 18:36 | Create | Archer |
| 19:29 | Create | Archer |
| 19:30 | Create | Archer |
| 20:05 | Research | Gold Mining |
| 20:26 | Research | Castle Age |
| 20:38 | Create | Archer |
| 20:39 | Create | Archer |
| 20:43 | Build | Farm |
| 21:03 | Create | Archer |
| 21:03 | Create | Archer |
| 21:13 | Research | Padded Archer Armor |
| 21:17 | Build | Mining Camp |
| 21:24 | Build | Archery Range |
| 21:30 | Create | Archer |
| 21:52 | Build | House |
| 21:53 | Build | House |
| 21:55 | Build | House |
| 22:00 | Create | Villager (Male) |
| 22:03 | Create | Archer |
| 22:03 | Create | Archer |
| 22:04 | Create | Archer |
| 22:20 | Create | Villager (Male) |
| 22:28 | Create | Archer |
| 22:28 | Create | Archer |
| 22:28 | Create | Archer |
| 22:29 | Create | Archer |
| 22:32 | Build | House |
| 22:52 | Create | Archer |
| 22:53 | Create | Archer |
| 23:03 | Build | House |
| 23:06 | Age | Castle Age |
| 23:13 | Research | Crossbowman (upgrade) |
| 23:45 | Create | Villager (Male) |
| 23:52 | Research | Bodkin Arrow |
| 24:09 | Create | Villager (Male) |
| 24:26 | Create | Skirmisher |
| 24:27 | Create | Skirmisher |
| 24:29 | Research | Elite Skirmisher (upgrade) |
| 24:30 | Create | Skirmisher |
| 24:33 | Create | Villager (Male) |
| 24:39 | Research | Bow Saw |
| 24:48 | Create | Skirmisher |
| 24:49 | Create | Skirmisher |
| 25:20 | Create | Skirmisher |
| 25:20 | Create | Skirmisher |
| 25:33 | Create | Villager (Male) |
| 25:34 | Create | Villager (Male) |
| 25:44 | Create | Skirmisher |
Build order — Scol1ng
First 150 of 750 actions detected
| 0:01 | Create | Villager (Male) |
| 0:01 | Create | Villager (Male) |
| 0:02 | Build | House |
| 0:04 | Research | Loom |
| 0:04 | Create | Villager (Male) |
| 0:04 | Create | Villager (Male) |
| 0:05 | Build | House |
| 0:19 | Create | Villager (Male) |
| 0:44 | Create | Villager (Male) |
| 0:54 | Build | Lumber Camp |
| 0:56 | Create | Villager (Male) |
| 1:24 | Create | Villager (Male) |
| 1:53 | Create | Villager (Male) |
| 2:16 | Create | Villager (Male) |
| 2:35 | Build | House |
| 2:36 | Build | House |
| 2:57 | Create | Villager (Male) |
| 3:16 | Build | Mill |
| 3:59 | Create | Villager (Male) |
| 4:18 | Create | Villager (Male) |
| 5:00 | Create | Villager (Male) |
| 5:17 | Create | Villager (Male) |
| 5:22 | Build | Barracks |
| 5:32 | Build | House |
| 5:42 | Create | Villager (Male) |
| 6:01 | Build | House |
| 6:05 | Create | Villager (Male) |
| 6:27 | Build | Palisade Wall |
| 6:28 | Build | Palisade Wall |
| 6:34 | Create | Villager (Male) |
| 7:08 | Research | Feudal Age |
| 7:32 | Build | Mining Camp |
| 7:47 | Build | Palisade Wall |
| 7:47 | Build | Palisade Wall |
| 8:21 | Build | Palisade Wall |
| 8:22 | Build | Palisade Wall |
| 8:23 | Build | Palisade Wall |
| 8:24 | Build | Palisade Wall |
| 8:25 | Build | Palisade Wall |
| 8:28 | Build | House |
| 8:32 | Create | Villager (Male) |
| 8:45 | Create | Militia |
| 8:46 | Create | Militia |
| 9:11 | Age | Feudal Age |
| 9:17 | Build | Watch Tower |
| 9:22 | Create | Militia |
| 9:25 | Create | Villager (Male) |
| 9:28 | Research | Double-Bit Axe |
| 9:42 | Build | Palisade Wall |
| 9:45 | Build | Palisade Wall |
| 9:48 | Build | Palisade Wall |
| 9:58 | Build | Lumber Camp |
| 10:01 | Build | Farm |
| 10:01 | Build | Farm |
| 10:01 | Build | Farm |
| 10:01 | Build | Farm |
| 10:06 | Create | Villager (Male) |
| 10:23 | Create | Villager (Male) |
| 10:25 | Build | Farm |
| 10:30 | Create | Villager (Male) |
| 10:46 | Create | Villager (Male) |
| 11:02 | Build | Watch Tower |
| 11:05 | Build | Farm |
| 11:08 | Build | Farm |
| 11:21 | Build | Farm |
| 11:23 | Create | Villager (Male) |
| 11:27 | Build | Farm |
| 11:55 | Create | Villager (Male) |
| 12:01 | Build | Farm |
| 12:20 | Build | Blacksmith |
| 12:23 | Build | Farm |
| 12:26 | Create | Villager (Male) |
| 12:37 | Build | Farm |
| 12:44 | Build | House |
| 12:47 | Create | Villager (Male) |
| 13:06 | Build | Watch Tower |
| 13:12 | Build | Farm |
| 13:13 | Create | Villager (Male) |
| 13:29 | Create | Villager (Male) |
| 13:40 | Build | Farm |
| 13:46 | Create | Villager (Male) |
| 14:02 | Create | Villager (Male) |
| 14:11 | Build | Mining Camp |
| 14:25 | Build | Farm |
| 14:29 | Research | Fletching |
| 14:42 | Build | Watch Tower |
| 14:46 | Create | Villager (Male) |
| 14:49 | Build | Farm |
| 14:51 | Create | Spearman |
| 14:51 | Create | Spearman |
| 14:58 | Build | House |
| 15:01 | Build | Palisade Wall |
| 15:12 | Build | Farm |
| 15:18 | Create | Villager (Male) |
| 15:21 | Create | Spearman |
| 15:21 | Create | Spearman |
| 15:36 | Create | Villager (Male) |
| 16:00 | Create | Villager (Male) |
| 16:05 | Build | Farm |
| 16:06 | Create | Villager (Male) |
| 16:10 | Create | Villager (Male) |
| 16:15 | Build | Farm |
| 16:20 | Create | Spearman |
| 16:23 | Create | Villager (Male) |
| 16:25 | Build | Farm |
| 16:27 | Build | Farm |
| 16:31 | Build | Farm |
| 16:52 | Create | Villager (Male) |
| 16:57 | Build | Farm |
| 17:21 | Create | Villager (Male) |
| 17:25 | Build | Barracks |
| 17:29 | Create | Spearman |
| 17:45 | Create | Villager (Male) |
| 17:50 | Build | Watch Tower |
| 18:01 | Create | Villager (Male) |
| 18:10 | Create | Villager (Male) |
| 18:19 | Create | Villager (Male) |
| 18:38 | Build | Farm |
| 19:02 | Create | Villager (Male) |
| 19:04 | Build | Farm |
| 19:21 | Create | Villager (Male) |
| 19:23 | Build | House |
| 19:25 | Build | House |
| 19:27 | Build | House |
| 19:29 | Build | House |
| 19:31 | Create | Villager (Male) |
| 19:54 | Create | Villager (Male) |
| 20:01 | Build | Market |
| 20:20 | Create | Villager (Male) |
| 20:37 | Build | House |
| 20:43 | Research | Castle Age |
| 20:52 | Create | Spearman |
| 21:17 | Create | Villager (Male) |
| 21:28 | Create | Villager (Male) |
| 21:38 | Build | House |
| 21:40 | Build | House |
| 21:55 | Build | House |
| 21:59 | Build | Farm |
| 22:24 | Research | Scale Barding Armor |
| 22:25 | Research | Forging |
| 22:34 | Build | Stable |
| 22:55 | Build | Stable |
| 23:05 | Build | Farm |
| 23:09 | Age | Castle Age |
| 23:13 | Research | Chain Barding Armor |
| 23:17 | Create | Villager (Male) |
| 23:45 | Build | Stable |
| 23:47 | Research | Bloodlines |
| 23:48 | Research | Husbandry |
| 23:48 | Create | Villager (Male) |
Build order — nw
First 150 of 446 actions detected
| 0:02 | Build | House |
| 0:04 | Build | House |
| 0:05 | Create | Villager (Male) ×4 |
| 0:24 | Build | Mill |
| 1:31 | Create | Villager (Male) |
| 2:12 | Build | House |
| 2:13 | Build | House |
| 2:17 | Build | Palisade Wall |
| 2:20 | Create | Villager (Male) |
| 2:20 | Create | Villager (Male) |
| 2:55 | Create | Villager (Male) |
| 3:38 | Build | Lumber Camp |
| 3:40 | Create | Villager (Male) ×3 |
| 4:06 | Build | Mill |
| 4:27 | Create | Villager (Male) |
| 5:07 | Create | Villager (Male) |
| 5:07 | Create | Villager (Male) |
| 5:39 | Create | Villager (Male) |
| 6:11 | Create | Villager (Male) |
| 6:32 | Build | House |
| 6:33 | Build | House |
| 6:39 | Build | Palisade Wall |
| 6:43 | Build | Palisade Gate |
| 6:52 | Create | Villager (Male) |
| 7:17 | Build | Mining Camp |
| 7:30 | Research | Feudal Age |
| 8:37 | Build | Barracks |
| 9:01 | Create | Villager (Male) |
| 9:02 | Create | Villager (Male) |
| 9:40 | Age | Feudal Age |
| 9:45 | Build | Stable |
| 9:57 | Research | Horse Collar |
| 10:01 | Build | Farm |
| 10:03 | Build | Farm |
| 10:42 | Build | Farm |
| 10:43 | Build | Farm |
| 10:44 | Build | Farm |
| 10:56 | Build | House |
| 11:00 | Build | Farm |
| 11:25 | Build | Farm |
| 11:32 | Build | Farm |
| 12:12 | Build | Blacksmith |
| 12:14 | Create | Villager (Male) |
| 12:17 | Research | Bloodlines |
| 12:43 | Build | Lumber Camp |
| 12:56 | Build | Farm |
| 13:07 | Research | Castle Age |
| 13:26 | Build | Farm |
| 13:29 | Create | Camel Scout |
| 13:59 | Research | Double-Bit Axe |
| 14:22 | Create | Camel Scout |
| 14:27 | Create | Villager (Male) |
| 14:27 | Create | Villager (Male) |
| 15:02 | Research | Gold Mining |
| 15:16 | Create | Camel Scout |
| 15:35 | Create | Villager (Male) |
| 15:47 | Age | Castle Age |
| 15:58 | Build | Town Center |
| 16:15 | Research | Scale Barding Armor |
| 16:21 | Build | Town Center |
| 16:32 | Create | Shrivamsha Rider |
| 16:46 | Build | Monastery |
| 17:06 | Create | Villager (Male) ×2 |
| 17:13 | Build | Farm |
| 17:15 | Build | Farm |
| 17:33 | Create | Villager (Male) ×2 |
| 17:38 | Build | Farm |
| 17:42 | Build | Farm |
| 17:46 | Create | Monk |
| 17:55 | Create | Villager (Male) |
| 18:05 | Build | Farm |
| 18:08 | Build | Farm |
| 18:08 | Build | Farm |
| 18:11 | Create | Villager (Male) |
| 18:39 | Create | Villager (Male) ×3 |
| 18:54 | Build | Siege Workshop |
| 18:58 | Create | Villager (Male) ×2 |
| 19:29 | Build | Farm |
| 19:31 | Create | Villager (Male) ×3 |
| 20:01 | Create | Mangonel |
| 20:04 | Build | Farm |
| 20:14 | Research | Wheelbarrow |
| 20:15 | Create | Villager (Male) |
| 20:21 | Build | House |
| 20:21 | Build | House |
| 20:22 | Build | House |
| 20:22 | Build | House |
| 20:33 | Create | Villager (Male) ×3 |
| 20:42 | Build | Farm |
| 20:43 | Build | Farm |
| 21:02 | Create | Shrivamsha Rider ×2 |
| 21:24 | Research | Loom |
| 21:24 | Create | Villager (Male) ×3 |
| 21:29 | Build | Farm |
| 21:29 | Build | Farm |
| 21:40 | Build | Farm |
| 22:00 | Create | Mangonel |
| 22:16 | Research | Husbandry |
| 22:37 | Research | Fletching |
| 22:41 | Create | Villager (Male) |
| 22:42 | Create | Villager (Male) |
| 22:42 | Create | Villager (Male) |
| 22:45 | Create | Shrivamsha Rider ×2 |
| 23:40 | Research | Bodkin Arrow |
| 23:42 | Create | Mangonel |
| 23:45 | Create | Villager (Male) ×5 |
| 24:01 | Build | House |
| 24:31 | Build | Lumber Camp |
| 24:42 | Build | House |
| 24:43 | Build | House |
| 24:43 | Build | House |
| 25:25 | Create | Villager (Male) ×5 |
| 25:25 | Create | Villager (Male) ×5 |
| 25:29 | Build | Mining Camp |
| 25:49 | Research | Bow Saw |
| 25:51 | Create | Villager (Male) ×5 |
| 26:09 | Build | House |
| 26:10 | Build | House |
| 26:42 | Create | Mangonel |
| 26:45 | Build | Farm |
| 26:48 | Create | Villager (Male) ×5 |
| 27:24 | Create | Mangonel |
| 27:49 | Build | Siege Workshop |
| 28:19 | Research | Imperial Age |
| 28:30 | Build | Stable |
| 28:30 | Build | Stable |
| 28:31 | Build | Stable |
| 28:47 | Build | Outpost |
| 28:51 | Build | House |
| 28:56 | Create | Mangonel |
| 29:09 | Research | Forging |
| 29:10 | Research | Chain Barding Armor |
| 29:25 | Create | Villager (Male) ×5 |
| 29:25 | Create | Villager (Male) |
| 29:34 | Build | Castle |
| 30:04 | Create | Camel Scout |
| 30:04 | Create | Camel Scout |
| 30:07 | Create | Camel Scout ×4 |
| 30:15 | Build | Lumber Camp |
| 30:18 | Build | Lumber Camp |
| 30:21 | Build | Mill |
| 30:22 | Build | Farm |
| 30:22 | Build | Farm |
| 30:23 | Build | Farm |
| 30:23 | Build | Farm |
| 30:23 | Build | Farm |
| 30:23 | Build | Farm |
| 31:20 | Build | Farm |
| 31:20 | Build | Farm |
| 31:20 | Build | Farm |
Build order — SvenVonE ツ
First 150 of 450 actions detected
| 0:04 | Build | House |
| 0:06 | Research | Loom |
| 0:07 | Build | House |
| 0:11 | Build | House |
| 0:23 | Build | House |
| 0:27 | Build | Lumber Camp |
| 1:03 | Create | Villager (Male) |
| 1:03 | Create | Villager (Male) |
| 1:04 | Create | Villager (Male) |
| 1:04 | Create | Villager (Male) |
| 1:37 | Create | Villager (Male) |
| 2:37 | Create | Villager (Male) |
| 2:59 | Build | Palisade Wall |
| 3:00 | Build | Palisade Wall |
| 3:02 | Build | Palisade Wall |
| 3:13 | Create | Villager (Male) |
| 3:14 | Create | Villager (Male) |
| 3:15 | Create | Villager (Male) |
| 4:05 | Create | Villager (Male) |
| 4:07 | Build | House |
| 4:48 | Create | Villager (Male) |
| 5:09 | Build | Barracks |
| 5:24 | Create | Villager (Male) |
| 5:47 | Create | Villager (Male) |
| 6:13 | Create | Villager (Male) |
| 6:27 | Build | Mining Camp |
| 6:33 | Research | Feudal Age |
| 7:32 | Build | House |
| 7:41 | Build | House |
| 8:31 | Build | House |
| 8:34 | Create | Villager (Male) |
| 8:34 | Create | Villager (Male) |
| 8:49 | Age | Feudal Age |
| 8:51 | Build | Archery Range |
| 8:57 | Research | Double-Bit Axe |
| 9:26 | Create | Archer |
| 9:26 | Create | Archer |
| 9:27 | Create | Archer |
| 9:27 | Create | Archer |
| 9:41 | Build | Mill |
| 9:47 | Create | Villager (Male) |
| 10:17 | Create | Villager (Male) |
| 10:17 | Create | Villager (Male) |
| 10:24 | Build | Lumber Camp |
| 10:35 | Create | Archer |
| 10:38 | Create | Spearman |
| 10:38 | Create | Spearman |
| 10:57 | Create | Villager (Male) |
| 11:15 | Build | House |
| 11:16 | Build | Palisade Wall |
| 11:22 | Create | Villager (Male) |
| 11:34 | Build | Blacksmith |
| 11:48 | Create | Villager (Male) |
| 11:52 | Create | Archer |
| 12:10 | Build | Watch Tower |
| 12:25 | Research | Fletching |
| 12:36 | Build | Farm |
| 12:37 | Build | Farm |
| 12:37 | Build | Farm |
| 12:41 | Create | Archer |
| 12:54 | Create | Villager (Male) |
| 13:19 | Build | Archery Range |
| 13:28 | Build | Palisade Wall |
| 13:30 | Create | Villager (Male) |
| 13:54 | Create | Villager (Male) |
| 13:56 | Create | Archer |
| 13:56 | Create | Archer |
| 14:01 | Research | Padded Archer Armor |
| 14:34 | Create | Villager (Male) |
| 14:38 | Build | Farm |
| 14:38 | Build | Farm |
| 14:45 | Build | Farm |
| 14:45 | Build | Farm |
| 14:47 | Create | Archer |
| 14:47 | Create | Archer |
| 15:13 | Build | House |
| 15:20 | Create | Villager (Male) |
| 15:22 | Create | Villager (Male) |
| 15:36 | Build | Farm |
| 15:42 | Create | Archer |
| 15:43 | Create | Archer |
| 16:03 | Build | Mining Camp |
| 16:07 | Build | Farm |
| 16:08 | Build | Farm |
| 16:09 | Build | Farm |
| 16:17 | Create | Villager (Male) |
| 16:42 | Create | Villager (Male) |
| 16:48 | Build | House |
| 16:50 | Build | House |
| 17:22 | Create | Villager (Male) |
| 17:22 | Create | Villager (Male) |
| 17:24 | Create | Archer |
| 17:25 | Create | Archer |
| 17:42 | Build | House |
| 17:43 | Build | House |
| 17:44 | Build | House |
| 18:21 | Build | Watch Tower |
| 18:24 | Create | Villager (Male) |
| 18:37 | Create | Archer |
| 18:37 | Create | Archer |
| 18:39 | Create | Archer |
| 18:39 | Create | Archer |
| 18:46 | Create | Villager (Male) |
| 19:37 | Research | Castle Age |
| 19:50 | Create | Archer |
| 19:51 | Create | Archer |
| 20:02 | Build | Farm |
| 20:05 | Build | Farm |
| 20:06 | Build | Farm |
| 20:08 | Build | Farm |
| 20:23 | Create | Archer |
| 20:23 | Create | Archer |
| 21:00 | Build | House |
| 21:02 | Build | House |
| 21:11 | Create | Archer |
| 21:12 | Create | Archer |
| 21:42 | Build | Archery Range |
| 21:56 | Create | Villager (Male) |
| 21:57 | Create | Villager (Male) |
| 21:58 | Research | Gold Mining |
| 22:17 | Age | Castle Age |
| 22:18 | Research | Crossbowman (upgrade) |
| 22:21 | Research | Bodkin Arrow |
| 22:28 | Create | Archer |
| 22:28 | Create | Archer |
| 22:30 | Create | Archer |
| 22:31 | Create | Archer |
| 22:38 | Research | Bow Saw |
| 22:45 | Create | Archer |
| 23:29 | Create | Archer |
| 23:29 | Create | Archer |
| 23:30 | Create | Archer |
| 23:30 | Create | Villager (Male) |
| 23:30 | Create | Villager (Male) |
| 23:37 | Build | Siege Workshop |
| 23:48 | Create | Villager (Male) |
| 23:48 | Create | Villager (Male) |
| 24:00 | Research | Town Watch |
| 24:31 | Create | Mangonel |
| 24:31 | Create | Mangonel |
| 24:38 | Create | Villager (Male) |
| 24:49 | Build | Town Center |
| 25:05 | Create | Archer |
| 25:05 | Create | Archer |
| 25:06 | Create | Archer |
| 25:06 | Create | Archer |
| 25:06 | Create | Archer |
| 25:06 | Create | Archer |
| 25:20 | Create | Villager (Male) |
| 25:49 | Build | House |
Build order — Game Sun
First 150 of 623 actions detected
| 0:03 | Create | Villager (Male) |
| 0:03 | Create | Villager (Male) |
| 0:04 | Build | House |
| 0:16 | Research | Loom |
| 0:28 | Build | House |
| 0:34 | Create | Villager (Male) |
| 0:34 | Create | Villager (Male) |
| 0:36 | Create | Villager (Male) |
| 0:36 | Create | Villager (Male) |
| 1:14 | Build | Lumber Camp |
| 1:36 | Create | Villager (Male) |
| 1:36 | Create | Villager (Male) |
| 2:08 | Create | Villager (Male) |
| 2:08 | Create | Villager (Male) |
| 2:29 | Create | Villager (Male) |
| 2:29 | Create | Villager (Male) |
| 2:54 | Build | House |
| 3:18 | Create | Villager (Male) |
| 3:18 | Create | Villager (Male) |
| 3:18 | Create | Villager (Male) |
| 3:57 | Create | Villager (Male) |
| 3:57 | Create | Villager (Male) |
| 4:07 | Build | Mill |
| 4:18 | Create | Villager (Male) |
| 4:31 | Build | House |
| 4:37 | Create | Villager (Male) |
| 4:37 | Create | Villager (Male) |
| 5:00 | Create | Villager (Male) |
| 5:22 | Create | Villager (Male) |
| 6:59 | Create | Villager (Male) |
| 7:08 | Build | House |
| 7:20 | Create | Villager (Male) |
| 8:11 | Research | Feudal Age |
| 8:11 | Research | Feudal Age |
| 8:38 | Build | Barracks |
| 10:21 | Age | Feudal Age |
| 10:27 | Build | Stable |
| 10:29 | Create | Villager (Male) |
| 10:37 | Build | Blacksmith |
| 11:01 | Create | Villager (Male) |
| 11:19 | Research | Castle Age |
| 11:19 | Research | Castle Age |
| 11:42 | Research | Double-Bit Axe |
| 11:42 | Research | Double-Bit Axe |
| 12:25 | Build | Archery Range |
| 12:32 | Research | Bloodlines |
| 12:32 | Research | Bloodlines |
| 12:59 | Research | Fletching |
| 12:59 | Research | Fletching |
| 13:16 | Build | Archery Range |
| 13:58 | Research | Padded Archer Armor |
| 13:58 | Research | Padded Archer Armor |
| 14:06 | Age | Castle Age |
| 14:07 | Build | House |
| 14:09 | Create | Cavalry Archer |
| 14:14 | Create | Villager (Male) |
| 14:18 | Create | Cavalry Archer |
| 14:40 | Create | Villager (Male) |
| 14:44 | Build | House |
| 14:56 | Create | Cavalry Archer |
| 14:58 | Create | Villager (Male) |
| 15:09 | Build | Mining Camp |
| 15:12 | Create | Villager (Male) |
| 15:16 | Create | Cavalry Archer |
| 15:36 | Create | Villager (Male) |
| 16:17 | Create | Villager (Male) |
| 16:22 | Research | Horse Collar |
| 16:22 | Research | Horse Collar |
| 16:29 | Create | Cavalry Archer |
| 16:29 | Create | Cavalry Archer |
| 16:42 | Build | Farm |
| 16:42 | Build | Farm |
| 16:44 | Build | Farm |
| 16:45 | Create | Villager (Male) |
| 16:57 | Create | Cavalry Archer |
| 16:57 | Create | Cavalry Archer |
| 17:03 | Build | House |
| 17:03 | Build | House |
| 17:56 | Research | Bow Saw |
| 17:56 | Research | Bow Saw |
| 17:58 | Build | House |
| 18:09 | Create | Villager (Male) |
| 18:28 | Create | Cavalry Archer |
| 18:28 | Create | Cavalry Archer |
| 18:28 | Create | Cavalry Archer |
| 18:35 | Create | Villager (Male) |
| 18:46 | Build | Farm |
| 18:47 | Build | Farm |
| 19:28 | Research | Heavy Plow |
| 19:28 | Research | Heavy Plow |
| 19:35 | Create | Cavalry Archer |
| 19:35 | Create | Cavalry Archer |
| 20:29 | Build | Monastery |
| 20:31 | Create | Villager (Male) |
| 20:40 | Build | Gate |
| 20:46 | Build | Lumber Camp |
| 20:56 | Research | Bodkin Arrow |
| 21:12 | Create | Monk |
| 21:26 | Create | Cavalry Archer |
| 21:26 | Create | Cavalry Archer |
| 21:34 | Create | Villager (Male) |
| 21:40 | Build | Farm |
| 21:44 | Build | Farm |
| 21:47 | Create | Monk |
| 22:16 | Create | Villager (Male) |
| 22:22 | Create | Cavalry Archer |
| 22:23 | Create | Cavalry Archer |
| 22:31 | Create | Villager (Male) |
| 22:41 | Create | Cavalry Archer |
| 22:41 | Create | Cavalry Archer |
| 22:56 | Build | Town Center |
| 23:00 | Build | House |
| 23:36 | Create | Villager (Male) |
| 23:40 | Create | Cavalry Archer |
| 23:41 | Create | Cavalry Archer |
| 24:24 | Create | Villager (Male) |
| 24:25 | Create | Villager (Male) |
| 24:28 | Build | Farm |
| 24:29 | Build | Farm |
| 24:34 | Create | Villager (Male) |
| 24:40 | Build | University |
| 24:49 | Create | Cavalry Archer |
| 24:50 | Create | Cavalry Archer |
| 24:53 | Create | Villager (Male) |
| 25:12 | Research | Gold Mining |
| 25:12 | Research | Gold Mining |
| 25:29 | Create | Villager (Male) |
| 25:46 | Create | Villager (Male) |
| 25:51 | Build | House |
| 25:52 | Build | House |
| 26:23 | Build | Castle |
| 26:49 | Research | Husbandry |
| 26:49 | Research | Husbandry |
| 26:58 | Create | Villager (Male) |
| 27:00 | Build | Farm |
| 27:01 | Build | Farm |
| 27:02 | Build | Farm |
| 27:02 | Build | Farm |
| 27:03 | Build | Farm |
| 27:04 | Build | Farm |
| 27:11 | Create | Villager (Male) |
| 27:14 | Build | Farm |
| 27:15 | Build | Farm |
| 27:31 | Create | Cavalry Archer |
| 27:31 | Create | Cavalry Archer |
| 27:47 | Build | Mining Camp |
| 27:58 | Create | Villager (Male) |
| 28:03 | Research | Ballistics |
| 28:03 | Research | Ballistics |
| 28:09 | Create | Villager (Male) |
Build order — Ze_Legend
First 150 of 764 actions detected
| 0:00 | Create | Villager (Male) |
| 0:01 | Create | Villager (Male) |
| 0:02 | Build | House |
| 0:05 | Research | Loom |
| 0:07 | Build | Lumber Camp |
| 0:12 | Build | House |
| 0:17 | Create | Villager (Male) ×4 |
| 1:42 | Build | Mill |
| 2:07 | Create | Villager (Male) |
| 2:08 | Create | Villager (Male) |
| 2:13 | Build | House |
| 2:49 | Create | Villager (Male) |
| 2:50 | Create | Villager (Male) |
| 3:30 | Create | Villager (Male) |
| 4:08 | Create | Villager (Male) |
| 4:08 | Create | Villager (Male) |
| 4:15 | Build | House |
| 4:19 | Build | House |
| 4:20 | Build | Palisade Wall |
| 4:21 | Build | Palisade Wall |
| 4:21 | Build | Palisade Wall |
| 4:24 | Create | Villager (Male) |
| 4:25 | Create | Villager (Male) |
| 5:31 | Build | Mill |
| 5:38 | Create | Villager (Male) |
| 5:47 | Create | Villager (Male) |
| 5:59 | Create | Villager (Male) |
| 6:50 | Create | Villager (Male) |
| 7:28 | Build | Barracks |
| 7:39 | Research | Feudal Age |
| 7:47 | Build | Palisade Wall |
| 7:50 | Build | Palisade Wall |
| 7:53 | Build | Palisade Wall |
| 8:41 | Build | Mining Camp |
| 9:27 | Create | Villager (Male) |
| 9:27 | Create | Villager (Male) |
| 9:49 | Age | Feudal Age |
| 9:57 | Create | Spearman |
| 10:08 | Build | Archery Range |
| 10:18 | Create | Villager (Male) |
| 10:22 | Build | Archery Range |
| 10:26 | Create | Villager (Male) |
| 10:28 | Research | Double-Bit Axe |
| 11:04 | Build | House |
| 11:07 | Build | House |
| 11:12 | Build | House |
| 11:18 | Create | Archer |
| 11:18 | Create | Archer |
| 11:29 | Build | House |
| 11:32 | Build | House |
| 11:46 | Create | Villager (Male) |
| 11:46 | Create | Villager (Male) |
| 11:48 | Create | Archer |
| 11:49 | Create | Archer |
| 11:52 | Create | Villager (Male) |
| 12:05 | Create | Archer |
| 12:05 | Create | Archer |
| 12:08 | Create | Villager (Male) |
| 12:52 | Create | Archer |
| 12:53 | Create | Archer |
| 12:55 | Create | Villager (Male) |
| 13:21 | Build | Blacksmith |
| 13:36 | Build | Blacksmith |
| 13:56 | Build | House |
| 13:58 | Build | House |
| 14:01 | Create | Villager (Male) |
| 14:07 | Build | House |
| 14:08 | Build | House |
| 14:13 | Create | Archer |
| 14:13 | Create | Archer |
| 14:19 | Create | Archer |
| 14:19 | Create | Archer |
| 14:20 | Create | Villager (Male) |
| 14:23 | Research | Fletching |
| 14:34 | Build | Lumber Camp |
| 14:44 | Build | Palisade Wall |
| 14:54 | Create | Villager (Male) |
| 14:54 | Create | Villager (Male) |
| 15:01 | Create | Archer |
| 15:01 | Create | Archer |
| 15:25 | Build | Lumber Camp |
| 15:33 | Create | Archer |
| 15:34 | Create | Archer |
| 15:35 | Create | Villager (Male) |
| 15:36 | Create | Villager (Male) |
| 16:21 | Create | Archer |
| 16:21 | Create | Archer |
| 16:22 | Create | Villager (Male) |
| 16:26 | Build | Farm |
| 16:27 | Build | Farm |
| 16:28 | Build | Farm |
| 16:29 | Build | Farm |
| 16:32 | Build | Farm |
| 17:24 | Create | Villager (Male) |
| 17:25 | Build | Farm |
| 17:28 | Build | Farm |
| 17:30 | Build | Farm |
| 17:32 | Build | Farm |
| 17:44 | Build | House |
| 18:20 | Create | Villager (Male) |
| 18:24 | Build | Farm |
| 18:26 | Build | Farm |
| 18:30 | Build | Market |
| 18:35 | Create | Villager (Male) |
| 19:01 | Create | Villager (Male) |
| 19:08 | Create | Archer |
| 19:09 | Create | Archer |
| 19:11 | Build | Archery Range |
| 19:14 | Build | Archery Range |
| 19:19 | Build | Lumber Camp |
| 20:18 | Create | Villager (Male) |
| 20:18 | Create | Villager (Male) |
| 20:20 | Create | Archer |
| 20:20 | Create | Archer |
| 20:22 | Create | Archer |
| 20:22 | Create | Archer |
| 20:22 | Create | Archer |
| 20:23 | Create | Archer |
| 20:23 | Create | Archer |
| 20:51 | Research | Castle Age |
| 20:54 | Create | Archer |
| 21:13 | Create | Archer |
| 21:17 | Create | Archer |
| 21:18 | Create | Archer |
| 21:18 | Create | Archer |
| 21:25 | Build | Mining Camp |
| 21:35 | Create | Archer |
| 21:36 | Create | Archer |
| 21:39 | Research | Gold Mining |
| 21:49 | Create | Archer |
| 22:13 | Create | Archer |
| 22:16 | Build | House |
| 22:18 | Build | House |
| 22:18 | Build | House |
| 22:21 | Create | Archer |
| 22:22 | Create | Archer |
| 22:23 | Create | Archer |
| 22:23 | Create | Archer |
| 22:28 | Build | House |
| 22:31 | Build | House |
| 22:35 | Build | House |
| 22:39 | Create | Archer |
| 22:41 | Create | Archer |
| 22:48 | Create | Villager (Male) |
| 23:16 | Create | Archer |
| 23:17 | Create | Archer |
| 23:17 | Create | Archer |
| 23:19 | Create | Archer |
| 23:31 | Age | Castle Age |
| 23:33 | Research | Crossbowman (upgrade) |
Build order — 明太宗Judy
First 150 of 831 actions detected
| 0:01 | Create | Villager (Male) |
| 0:02 | Create | Villager (Male) |
| 0:05 | Build | House |
| 0:10 | Build | House |
| 0:12 | Research | Loom |
| 0:37 | Create | Villager (Male) |
| 0:51 | Create | Villager (Male) |
| 0:51 | Create | Villager (Male) |
| 1:41 | Create | Villager (Male) |
| 2:21 | Create | Villager (Male) |
| 2:50 | Create | Villager (Male) |
| 3:07 | Create | Villager (Male) |
| 3:39 | Create | Villager (Male) |
| 3:52 | Build | House |
| 4:07 | Build | Lumber Camp |
| 4:29 | Create | Villager (Male) |
| 5:07 | Create | Villager (Male) |
| 5:31 | Create | Villager (Male) |
| 5:43 | Build | Mining Camp |
| 5:49 | Create | Villager (Male) |
| 6:51 | Research | Feudal Age |
| 6:51 | Research | Feudal Age |
| 7:42 | Build | Barracks |
| 8:05 | Build | House |
| 8:06 | Build | House |
| 8:17 | Create | Villager (Male) |
| 8:30 | Build | House |
| 8:42 | Build | Palisade Wall |
| 9:01 | Age | Feudal Age |
| 9:04 | Build | Archery Range |
| 9:09 | Research | Double-Bit Axe |
| 9:09 | Research | Double-Bit Axe |
| 9:20 | Create | Villager (Male) |
| 9:45 | Create | Archer |
| 9:56 | Create | Archer |
| 9:57 | Create | Villager (Male) |
| 10:23 | Create | Archer |
| 10:50 | Build | Mill |
| 10:57 | Create | Archer |
| 11:00 | Create | Villager (Male) |
| 11:01 | Create | Villager (Male) |
| 11:53 | Create | Villager (Male) |
| 12:07 | Build | House |
| 12:21 | Research | Horse Collar |
| 12:22 | Create | Villager (Male) |
| 12:26 | Create | Archer |
| 12:26 | Create | Archer |
| 12:35 | Create | Villager (Male) |
| 12:46 | Build | Blacksmith |
| 12:59 | Build | Watch Tower |
| 13:11 | Create | Archer |
| 13:47 | Create | Villager (Male) |
| 14:09 | Create | Villager (Male) |
| 14:20 | Build | Mining Camp |
| 14:45 | Create | Villager (Male) |
| 14:54 | Create | Villager (Male) |
| 15:01 | Build | Farm |
| 15:13 | Build | Watch Tower |
| 15:18 | Create | Villager (Male) |
| 15:39 | Create | Villager (Male) |
| 16:07 | Research | Fletching |
| 16:07 | Research | Fletching |
| 16:15 | Create | Villager (Male) |
| 16:53 | Create | Villager (Male) |
| 17:22 | Create | Villager (Male) |
| 17:37 | Build | Farm |
| 17:43 | Build | Farm |
| 17:45 | Build | Farm |
| 17:50 | Build | Farm |
| 18:31 | Create | Villager (Male) |
| 18:38 | Build | Farm |
| 18:41 | Build | Farm |
| 18:59 | Create | Villager (Male) |
| 19:26 | Create | Villager (Male) |
| 19:26 | Create | Villager (Male) |
| 19:29 | Build | Farm |
| 19:31 | Build | Farm |
| 19:46 | Create | Villager (Male) |
| 20:03 | Build | Farm |
| 20:43 | Create | Villager (Male) |
| 21:14 | Create | Villager (Male) |
| 21:47 | Create | Villager (Male) |
| 21:59 | Build | Lumber Camp |
| 22:05 | Build | Lumber Camp |
| 22:08 | Create | Villager (Male) |
| 22:28 | Build | Farm |
| 22:32 | Build | Farm |
| 22:40 | Build | Farm |
| 22:42 | Create | Villager (Male) |
| 22:49 | Build | Farm |
| 23:02 | Create | Villager (Male) |
| 23:11 | Build | Farm |
| 23:28 | Create | Villager (Male) |
| 23:56 | Create | Villager (Male) |
| 23:58 | Build | Farm |
| 24:06 | Build | Market |
| 24:09 | Create | Villager (Male) |
| 24:18 | Research | Wheelbarrow |
| 24:43 | Build | Farm |
| 24:53 | Build | House |
| 24:57 | Build | House |
| 24:58 | Build | House |
| 26:03 | Research | Castle Age |
| 26:04 | Research | Castle Age |
| 27:00 | Build | Outpost |
| 27:03 | Research | Town Watch |
| 27:28 | Build | Lumber Camp |
| 28:19 | Build | Lumber Camp |
| 28:43 | Age | Castle Age |
| 28:45 | Build | Castle |
| 29:22 | Build | Lumber Camp |
| 29:41 | Create | Longbowman |
| 29:41 | Create | Longbowman |
| 30:08 | Research | Bow Saw |
| 30:09 | Research | Heavy Plow |
| 30:16 | Research | Heavy Plow |
| 30:16 | Create | Longbowman |
| 30:42 | Build | Lumber Camp |
| 31:46 | Build | Town Center |
| 32:00 | Build | Town Center |
| 33:14 | Build | Town Center |
| 33:21 | Create | Villager (Male) |
| 33:21 | Create | Villager (Male) |
| 33:36 | Build | Farm |
| 33:38 | Build | Farm |
| 33:39 | Build | Farm |
| 33:41 | Build | Farm |
| 33:54 | Build | Farm |
| 34:02 | Build | Farm |
| 34:06 | Create | Villager (Male) |
| 34:10 | Create | Villager (Male) |
| 34:10 | Create | Villager (Male) |
| 34:11 | Create | Villager (Male) |
| 34:11 | Create | Villager (Male) |
| 34:15 | Build | Farm |
| 34:27 | Build | Town Center |
| 34:33 | Build | Town Center |
| 34:40 | Build | Farm |
| 34:40 | Build | Farm |
| 34:40 | Build | Farm |
| 34:41 | Build | Farm |
| 34:41 | Build | Farm |
| 34:44 | Create | Villager (Male) |
| 34:44 | Create | Villager (Male) |
| 35:08 | Create | Villager (Male) |
| 35:09 | Create | Villager (Male) |
| 35:12 | Build | Farm |
| 35:20 | Build | Farm |
| 35:21 | Build | Farm |
| 35:24 | Create | Villager (Male) |
Build order — IchbinGroo7
First 150 of 472 actions detected
| 0:01 | Create | Villager (Male) |
| 0:01 | Create | Villager (Male) |
| 0:03 | Build | House |
| 0:05 | Build | House |
| 0:06 | Create | Villager (Male) |
| 0:10 | Research | Loom |
| 0:10 | Create | Villager (Male) |
| 0:27 | Create | Villager (Male) |
| 0:33 | Create | Villager (Male) |
| 0:35 | Create | Villager (Male) |
| 1:06 | Build | Lumber Camp |
| 1:33 | Create | Villager (Male) |
| 1:49 | Create | Villager (Male) |
| 1:56 | Build | House |
| 2:22 | Create | Villager (Male) |
| 2:55 | Create | Villager (Male) |
| 3:02 | Create | Villager (Male) |
| 3:30 | Create | Villager (Male) |
| 4:08 | Build | House |
| 4:10 | Create | Villager (Male) |
| 5:08 | Create | Villager (Male) |
| 5:13 | Build | Mill |
| 5:15 | Create | Villager (Male) |
| 5:57 | Create | Villager (Male) |
| 6:10 | Build | Mill |
| 6:25 | Create | Villager (Male) |
| 6:43 | Build | House |
| 6:55 | Research | Feudal Age |
| 7:03 | Build | Mining Camp |
| 7:46 | Create | Villager (Male) |
| 8:16 | Build | Barracks |
| 8:38 | Create | Villager (Male) |
| 8:42 | Build | House |
| 9:05 | Age | Feudal Age |
| 9:12 | Build | Archery Range |
| 9:19 | Build | Archery Range |
| 9:28 | Create | Villager (Male) |
| 9:33 | Research | Double-Bit Axe |
| 9:47 | Build | House |
| 9:50 | Create | Villager (Male) |
| 10:04 | Create | Archer |
| 10:08 | Create | Archer |
| 10:11 | Create | Villager (Male) |
| 10:18 | Create | Archer |
| 10:29 | Build | Blacksmith |
| 10:46 | Create | Archer |
| 11:01 | Create | Villager (Male) |
| 11:01 | Create | Villager (Male) |
| 11:14 | Build | House |
| 11:15 | Build | House |
| 11:17 | Research | Fletching |
| 11:17 | Research | Fletching |
| 11:26 | Create | Villager (Male) |
| 11:52 | Create | Archer |
| 11:55 | Create | Villager (Male) |
| 12:06 | Build | House |
| 12:11 | Create | Archer |
| 12:13 | Research | Gold Mining |
| 12:13 | Research | Gold Mining |
| 12:15 | Create | Archer |
| 12:20 | Create | Villager (Male) |
| 12:23 | Build | Farm |
| 12:23 | Build | Farm |
| 12:24 | Build | Farm |
| 12:29 | Build | Farm |
| 12:29 | Create | Villager (Male) |
| 12:33 | Create | Villager (Male) |
| 12:35 | Build | House |
| 12:38 | Create | Archer |
| 12:56 | Create | Archer |
| 13:03 | Create | Villager (Male) |
| 13:06 | Build | Farm |
| 13:36 | Create | Archer |
| 13:39 | Create | Villager (Male) |
| 13:40 | Research | Wheelbarrow |
| 13:41 | Build | Farm |
| 13:47 | Create | Archer |
| 14:07 | Create | Villager (Male) |
| 14:09 | Build | Farm |
| 14:09 | Build | Farm |
| 14:16 | Create | Archer |
| 14:20 | Create | Villager (Male) |
| 14:36 | Build | Lumber Camp |
| 14:37 | Create | Villager (Male) |
| 14:54 | Create | Archer |
| 15:02 | Create | Archer |
| 15:19 | Create | Villager (Male) |
| 15:21 | Create | Archer |
| 15:22 | Create | Archer |
| 15:26 | Build | Farm |
| 15:56 | Build | Farm |
| 16:04 | Create | Archer |
| 16:05 | Create | Villager (Male) |
| 16:27 | Create | Archer |
| 16:39 | Build | Farm |
| 16:41 | Build | Farm |
| 16:53 | Create | Villager (Male) |
| 17:01 | Create | Archer |
| 17:01 | Create | Archer |
| 17:09 | Build | Market |
| 17:11 | Build | Palisade Wall |
| 17:11 | Build | Palisade Wall |
| 17:12 | Build | Palisade Wall |
| 17:13 | Build | Palisade Wall |
| 17:24 | Create | Archer |
| 17:30 | Research | Castle Age |
| 17:30 | Research | Castle Age |
| 17:34 | Create | Archer |
| 17:47 | Research | Padded Archer Armor |
| 17:47 | Research | Padded Archer Armor |
| 17:51 | Create | Archer |
| 17:52 | Create | Archer |
| 18:25 | Create | Villager (Male) |
| 18:29 | Create | Archer |
| 18:48 | Create | Archer |
| 19:57 | Create | Archer |
| 19:57 | Create | Archer |
| 19:59 | Research | Gold Mining |
| 20:01 | Build | Farm |
| 20:03 | Create | Villager (Male) |
| 20:10 | Age | Castle Age |
| 20:12 | Research | Crossbowman (upgrade) |
| 20:20 | Build | Town Center |
| 20:23 | Create | Villager (Male) |
| 20:34 | Research | Bodkin Arrow |
| 20:36 | Create | Archer |
| 20:45 | Create | Villager (Male) |
| 20:54 | Create | Villager (Male) |
| 20:59 | Build | House |
| 21:09 | Build | University |
| 21:13 | Create | Villager (Male) |
| 21:23 | Create | Archer |
| 21:25 | Create | Villager (Male) |
| 21:26 | Create | Villager (Male) |
| 21:27 | Create | Archer |
| 21:28 | Create | Archer |
| 21:33 | Create | Villager (Male) |
| 21:42 | Build | House |
| 21:43 | Build | House |
| 21:46 | Create | Archer |
| 21:46 | Create | Archer |
| 21:52 | Create | Villager (Male) |
| 22:18 | Create | Villager (Male) |
| 22:18 | Create | Villager (Male) |
| 22:28 | Build | Farm |
| 22:33 | Create | Archer |
| 22:33 | Create | Archer |
| 22:34 | Create | Villager (Male) |
| 22:47 | Create | Villager (Male) |
| 22:51 | Create | Archer |
Match timeline
| 2:17 | nw · wall_segment Palisade Wall x1 |
| 2:59 | SvenVonE ツ · wall_segment Palisade Wall x1 |
| 3:00 | SvenVonE ツ · wall_segment Palisade Wall x1 |
| 3:02 | SvenVonE ツ · wall_segment Palisade Wall x1 |
| 4:20 | Ze_Legend · wall_segment Palisade Wall x1 |
| 4:21 | Ze_Legend · wall_segment Palisade Wall x1 |
| 4:21 | Ze_Legend · wall_segment Palisade Wall x1 |
| 5:09 | SvenVonE ツ · first_building Barracks |
| 5:22 | Scol1ng · first_building Barracks |
| 6:27 | Scol1ng · wall_segment Palisade Wall x1 |
| 6:28 | Scol1ng · wall_segment Palisade Wall x1 |
| 6:39 | nw · wall_segment Palisade Wall x5 |
| 7:11 | Great Serbia · first_building Barracks |
| 7:28 | Ze_Legend · first_building Barracks |
| 7:42 | 明太宗Judy · first_building Barracks |
| 7:47 | Scol1ng · wall_segment Palisade Wall x1 |
| 7:47 | Scol1ng · wall_segment Palisade Wall x1 |
| 7:47 | Ze_Legend · wall_segment Palisade Wall x1 |
| 7:50 | Ze_Legend · wall_segment Palisade Wall x1 |
| 7:53 | Ze_Legend · wall_segment Palisade Wall x5 |
| 8:16 | IchbinGroo7 · first_building Barracks |
| 8:21 | Scol1ng · wall_segment Palisade Wall x1 |
| 8:22 | Scol1ng · wall_segment Palisade Wall x1 |
| 8:23 | Scol1ng · wall_segment Palisade Wall x1 |
| 8:24 | Scol1ng · wall_segment Palisade Wall x1 |
| 8:25 | Scol1ng · wall_segment Palisade Wall x1 |
| 8:37 | nw · first_building Barracks |
| 8:38 | Game Sun · first_building Barracks |
| 8:42 | 明太宗Judy · wall_segment Palisade Wall x4 |
| 8:49 | SvenVonE ツ · age_up feudal |
| 8:51 | SvenVonE ツ · first_building Archery Range |
| 8:57 | Great Serbia · age_up feudal |
| 8:59 | Great Serbia · first_building Archery Range |
| 9:01 | 明太宗Judy · age_up feudal |
| 9:04 | 明太宗Judy · first_building Archery Range |
| 9:05 | IchbinGroo7 · age_up feudal |
| 9:11 | Scol1ng · age_up feudal |
| 9:12 | IchbinGroo7 · first_building Archery Range |
| 9:40 | nw · age_up feudal |
| 9:42 | Scol1ng · wall_segment Palisade Wall x1 |
| 9:45 | nw · first_building Stable |
| 9:45 | Scol1ng · wall_segment Palisade Wall x1 |
| 9:48 | Scol1ng · wall_segment Palisade Wall x1 |
| 9:49 | Ze_Legend · age_up feudal |
| 10:08 | Ze_Legend · first_building Archery Range |
| 10:21 | Game Sun · age_up feudal |
| 10:27 | Game Sun · first_building Stable |
| 11:16 | SvenVonE ツ · wall_segment Palisade Wall x1 |
| 12:25 | Game Sun · first_building Archery Range |
| 13:28 | SvenVonE ツ · wall_segment Palisade Wall x1 |
| 14:06 | Game Sun · age_up castle |
| 14:44 | Ze_Legend · wall_segment Palisade Wall x10 |
| 15:01 | Scol1ng · wall_segment Palisade Wall x1 |
| 15:47 | nw · age_up castle |
| 16:46 | nw · first_building Monastery |
| 17:11 | IchbinGroo7 · wall_segment Palisade Wall x3 |
| 17:11 | IchbinGroo7 · wall_segment Palisade Wall x5 |
| 17:12 | IchbinGroo7 · wall_segment Palisade Wall x3 |
| 17:13 | IchbinGroo7 · wall_segment Palisade Wall x5 |
| 18:54 | nw · first_building Siege Workshop |
| 20:10 | IchbinGroo7 · age_up castle |
| 20:28 | Ze_Legend · first_market_sell 500 wood |
| 20:29 | Game Sun · first_building Monastery |
| 20:30 | Ze_Legend · first_market_buy 100 food |
| 22:17 | SvenVonE ツ · age_up castle |
| 22:21 | Scol1ng · first_market_buy 100 wood |
| 22:34 | Scol1ng · first_building Stable |
| 23:06 | Great Serbia · age_up castle |
| 23:09 | Scol1ng · age_up castle |
| 23:22 | Scol1ng · first_market_sell 100 wood |
| 23:31 | Ze_Legend · age_up castle |
| 23:37 | SvenVonE ツ · first_building Siege Workshop |
| 24:51 | IchbinGroo7 · first_market_sell 100 wood |
| 24:52 | IchbinGroo7 · first_market_buy 100 food |
| 25:10 | 明太宗Judy · first_market_buy 100 food |
| 25:11 | 明太宗Judy · first_market_sell 100 stone |
| 26:23 | Game Sun · first_building Castle |
| 27:34 | Scol1ng · first_building Castle |
| 28:43 | 明太宗Judy · age_up castle |
| 28:45 | 明太宗Judy · first_building Castle |
| 28:54 | Great Serbia · first_building Castle |
| 29:18 | Ze_Legend · wall_segment Stone Wall x15 |
| 29:33 | Ze_Legend · wall_segment Stone Wall x7 |
| 29:34 | nw · first_building Castle |
| 29:57 | Ze_Legend · first_building Monastery |
| 30:17 | Great Serbia · first_market_sell 100 food |
| 30:44 | Scol1ng · first_building Monastery |
| 31:29 | nw · age_up imperial |
| 31:51 | Ze_Legend · first_building Siege Workshop |
| 32:38 | SvenVonE ツ · first_building Castle |
| 32:48 | Ze_Legend · wall_segment Stone Wall x14 |
| 32:51 | IchbinGroo7 · first_building Monastery |
| 32:58 | Ze_Legend · wall_segment Stone Wall x7 |
| 33:00 | Ze_Legend · wall_segment Stone Wall x4 |
| 33:10 | Ze_Legend · wall_segment Stone Wall x6 |
| 33:13 | Ze_Legend · wall_segment Stone Wall x14 |
| 33:44 | Game Sun · first_market_sell 100 wood |
| 33:52 | Great Serbia · age_up imperial |
| 34:16 | IchbinGroo7 · first_building Siege Workshop |
| 35:42 | Ze_Legend · wall_segment Stone Wall x18 |
| 35:46 | Ze_Legend · wall_segment Stone Wall x1 |
| 35:47 | Ze_Legend · wall_segment Stone Wall x1 |
| 36:14 | SvenVonE ツ · age_up imperial |
| 36:29 | IchbinGroo7 · age_up imperial |
| 36:32 | nw · first_market_sell 500 food |
| 36:57 | Ze_Legend · wall_segment Stone Wall x5 |
| 36:59 | Game Sun · age_up imperial |
| 40:13 | Ze_Legend · first_building Stable |
| 40:44 | Scol1ng · age_up imperial |
| 40:48 | Ze_Legend · first_building Castle |
| 44:04 | Ze_Legend · age_up imperial |
| 46:38 | 明太宗Judy · age_up imperial |
| 47:20 | SvenVonE ツ · first_market_sell 100 food |
| 49:19 | Great Serbia · wall_segment Stone Wall x15 |
| 53:04 | 明太宗Judy · first_building Siege Workshop |
| 54:04 | Scol1ng · first_building Archery Range |
| 56:31 | Game Sun · first_building Siege Workshop |
| 56:40 | SvenVonE ツ · first_market_buy 100 food |
| 61:58 | SvenVonE ツ · wall_segment Stone Wall x1 |
| 62:01 | SvenVonE ツ · wall_segment Stone Wall x1 |
| 66:02 | Scol1ng · wall_segment Palisade Wall x1 |
| 66:40 | nw · wall_segment Stone Wall x27 |
| 68:26 | Scol1ng · resign |
[ AI ANALYSIS · 1 CREDIT ]
What really happened in this match?
Wolo.gg analyzes every decision: build order, eco, micro, common mistakes by bracket. Personalized analysis on WhatsApp or Discord in 30 seconds.
Civ guide
Vikings
Map guide
MegaRandom
Perfil
Jugador #965639